Mandevil, neutral male human Tourist ---- A @ ..| ---------..-- --- A|.......|.[.-- --... V|......A|.@..---..... |..@@.....D@.A-%a.%%.% V|.......|....---.%..... |.......|.@.-- --...... ---------..-- ----)-- A @..| |)).------- ---- |.........| -------...- |....- ---... ... -- Mandevil the Journeyer Experience level: 21 Strength: 18/56 Dexterity: 18 Constitution: 18 Intelligence: 14 Wisdom: 18 Charisma: 17 Health: 176(176) Energy: 138(138) AC: -44 Gold: 441 Moves: 52637 Your Inventory: Coins $ - 441 gold pieces Weapons a - a blessed +7 silver saber (weapon in hand) A - 11 blessed +6 daggers (in quiver) W - the uncursed rustproof +7 Magicbane Armor g - a blessed fireproof +4 pair of riding gloves [leather] (being worn) i - a blessed fireproof +4 pair of water walking boots (being worn) E - a blessed fireproof +5 Hawaiian shirt (being worn) G - an uncursed rustproof +5 helmet of displacement (being worn) S - a blessed fireproof +5 cloak of protection (being worn) U - a blessed +4 shield of reflection (being worn) Y - a blessed +4 electric dragon scale mail (being worn) Comestibles u - an uncursed lizard corpse Spellbooks x - the uncursed Book of the Dead Potions n - a blessed potion of levitation Rings d - a blessed ring of regeneration (on right hand) F - a blessed ring of free action I - a blessed +5 ring of increase damage (on left hand) L - an uncursed ring of levitation Z - a blessed ring of conflict Wands j - an uncursed wand of digging (0:1) p - an uncursed wand of sleep [0:3] q - an uncursed wand of teleportation [0:5] r - an uncursed wand of death (2:2) v - an uncursed wand of fire [0:2] w - an uncursed wand of light [0:3] z - a cursed wand of digging (0:0) D - an uncursed wand of secret door detection (0:4) K - an uncursed wand of teleportation (0:2) Tools b - a blessed tooled horn h - a blessed bag of holding k - an uncursed key [skeleton key] m - a blessed magic lamp (lit) o - a blessed candelabrum [Candelabrum of Invocation] (no candles attached) t - an uncursed stethoscope y - an uncursed [+0] unicorn horn B - the blessed fireproof Platinum Yendorian Express Card C - the blessed Bell of Opening (3:0) R - a blessed towel Gems l - a blessed stone called luckstone [luckstone] X - an uncursed amethyst stone Contents of the bag of holding: 175 gold pieces 5 blessed +6 daggers 19 uncursed +6 daggers 7 uncursed K-rations 3 uncursed lembas wafers an uncursed lizard corpse 3 uncursed lumps of royal jelly a blessed scroll called earth [of earth] 3 uncursed scrolls called scare monster [of scare monster] an uncursed scroll called scare monster [of scare monster] a blessed scroll of blank paper 20 uncursed scrolls of blank paper a blessed scroll of flood 5 uncursed scrolls of flood 3 blessed scrolls of light 4 uncursed scrolls of remove curse 2 uncursed scrolls of taming 2 blessed potions called object detection [of object detection] 8 blessed potions called water [of holy water] 4 blessed potions of extra healing 2 [uncursed] potions of extra healing 5 blessed potions of full healing an [uncursed] potion of full healing 3 blessed potions of levitation 3 uncursed potions of paralysis a cursed potion of paralysis a blessed potion of speed an uncursed ring of free action an uncursed ring of levitation an uncursed ring of polymorph control an uncursed wand of death (0:7) a blessed wand of death named Orcus [0:0] an uncursed wand of digging [0:3] an uncursed wand of digging [0:3] an uncursed wand of digging [0:0] an uncursed wand of digging [0:5] an uncursed wand of digging [0:5] an uncursed wand of digging [0:7] an uncursed wand of digging [0:4] an uncursed rusty wand of digging [0:5] an uncursed wand of fire [0:8] an uncursed wand of fire [0:4] an uncursed wand of lightning (0:4) an uncursed wand of lightning [0:4] an uncursed wand of locking (0:3) an uncursed wand of probing [0:4] a blessed wand of secret door detection [0:14] an uncursed wand of secret door detection [0:13] an uncursed wand of secret door detection [0:14] an uncursed wand of sleep [0:3] an uncursed wand of teleportation (0:7) an uncursed wand of teleportation (0:4) an uncursed wand of teleportation (0:3) an uncursed wand of teleportation [0:4] an uncursed wand of wishing (1:1) a blessed magic marker (1:50) a blessed magic marker (0:41) an uncursed magic whistle an uncursed sack an uncursed [+0] unicorn horn an uncursed stone called touchstone [touchstone] Spells known in the end: Name Level Category Fail Memory a - sleep 1* enchantment 97% [........] Your skills at the end: Fighting Skills body armor [Basic / Basic] shield [Basic / Basic] Weapon Skills dagger [Expert / Expert] saber [Skilled / Skilled] dart [Basic / Expert] Spellcasting Skills Final Attributes: You were piously aligned. Hunger level was 780. Your alignment was 273 / 273. Monster difficulty range was 17 - 57. Level difficulty was 68. You resisted fire. You resisted cold. You resisted sleep. You resisted disintegration. You were immune to electricity. You were immune to poison. You were magic-protected. You resisted spell damage. You saw invisible. You were telepathic. You had automatic searching. You were invisible to others. You were displaced. You could teleport. You were levitating, at will. You could walk on water. You had a +5 damage bonus. You regenerated. You were protected. You were very fast. You had reflection. You were very lucky (8). You had extra luck. Good luck did not time out for you. You survived after being killed once. Vanquished creatures: Cthulhu (thrice) Asmodeus Baalzebub Dispater Geryon Orcus Yeenoghu Juiblex The Wizard of Yendor (4 times) Death Vlad the Impaler 6 mastodons 5 vorpal jabberwocks Medusa 3 krakens The Master of Thieves 9 iron golems 6 master liches 12 storm giants 4 titans 2 glass golems 8 balrogs 11 purple worms 2 gold dragons 4 wyverns 7 tatzelworms 5 sirrushes a sarkany 15 amphiteres 5 guivres 9 drakens 5 lindworms 3 leviathans 5 minotaurs 15 jabberwocks 13 baluchitheria 5 Angels 8 demiliches 8 stone golems 9 master mind flayers 7 Olog-hai 4 Nazgul 23 pit fiends 4 sandestins 7 hell hounds 7 titanotheres 5 trappers a baby gold dragon a baby sirrush 2 guardian nagas 6 disenchanters 46 vampire lords 6 skeletons 9 aligned priests 7 captains 8 shades 15 liches 2 clay golems 9 nurses 9 ice devils 12 nalfeshnees Aphrodite 2 lurkers above an Aleax 11 ettins a black pudding 51 vampires 8 lieutenants a watch captain 56 ghosts a queen bee 6 locusts 3 winged gargoyles 6 giant mimics 11 zruties 8 fire giants 18 ogre kings 7 ice trolls 24 rock trolls 8 umber hulks 3 flesh golems 8 Elvenkings 3 doppelgangers 13 hezrous 33 bone devils 3 large mimics 3 wumpuses 3 fire vortices a baby purple worm 3 long worms 7 couatls 16 stalkers 8 air elementals 7 fire elementals 11 earth elementals 5 water elementals 2 hill giants 3 giant mummies 2 black nagas 5 xorns 33 giant zombies 11 elf-lords 32 sergeants a water demon 27 barbed devils 20 vrocks 3 salamanders 10 wargs 6 winter wolves 3 hell hound pups 18 small mimics a glass piercer 4 rodents of unusual size 2 warhorses 8 steam vortices 14 xans 7 ettin mummies 4 ogre lords 9 quantum mechanics 29 trolls 3 erinyes 9 mariliths a djinni 2 sharks 8 electric eels a giant turtle 7 gelatinous cubes 2 pyrolisks a large dog a freezing sphere 6 flaming spheres 11 shocking spheres a large cat 2 tigers a gargoyle 3 dwarf kings 24 tengu 12 ochre jellies 7 leocrottas 5 energy vortices 6 mountain centaurs 10 stone giants 2 elf mummies 7 human mummies 4 red nagas 13 green slimes a pit viper 6 pythons 5 cobras 81 wraiths 7 carnivorous apes 27 ettin zombies a leather golem 26 Grey-elves 120 soldiers 10 watchmen 28 horned devils 10 succubi 14 incubi 3 chameleons 2 crocodiles 14 giant beetles 5 quivering blobs 19 cockatrices 7 wolves 3 winter wolf cubs a lynx a panther 33 gremlins 2 spotted jellies 30 leprechauns 2 orc-captains 2 iron piercers 3 mumakil 91 giant spiders 10 scorpions 2 horses 2 ice vortices 4 black lights 6 vampire bats 20 forest centaurs 6 gnome kings 6 orc mummies 4 dwarf mummies 5 ogres 3 brown puddings 2 rust monsters 13 owlbears 4 yetis 3 gold golems 6 werewolves 12 Green-elves 2 piranhas 6 giant eels 10 lizards 11 guides 11 chickatrices 5 dogs 4 dingos 5 housecats 4 jaguars 2 dwarf lords 6 blue jellies 7 white unicorns 4 black unicorns 6 dust vortices 14 ravens 4 plains centaurs a Kop Kaptain 3 gnome mummies 10 snakes a water moccasin 11 apes 65 human zombies 2 rope golems 6 Woodland-elves 26 soldier ants 8 fire ants 4 snow ants 8 bugbears 11 imps 95 lemures 15 quasits 8 wood nymphs 19 water nymphs 21 mountain nymphs 17 Mordor orcs 5 Uruk-hai 2 orc shamans 6 rock piercers 3 enormous rats 7 rock moles 2 ponies 6 fog clouds 13 yellow lights 4 shriekers 7 violet fungi 27 gnome lords 13 gnomish wizards 4 Kop Lieutenants 5 kobold mummies a red naga hatchling a black naga hatchling a golden naga hatchling 2 guardian naga hatchlings 4 gray oozes 4 barrow wights 33 elf zombies 20 ghouls a straw golem 2 paper golems 3 wax golems 4 jellyfish a baby crocodile 50 giant ants 4 little dogs 8 floating eyes 3 kittens 27 dwarves 16 homunculi 4 kobold lords 3 kobold shamans 17 hill orcs 20 rothes 3 rabid rats 5 centipedes 5 giant bats a monkey 34 orc zombies 37 dwarf zombies 3 wererats 3 muggers 8 iguanas 86 killer bees 4 acid blobs 3 coyotes 2 gas spores 10 hobbits 20 manes a large kobold 11 hobgoblins 28 giant rats 17 cave spiders a brown mold 2 yellow molds 2 green molds 2 red molds 98 gnomes 7 Keystone Kops 16 garter snakes 29 gnome zombies 14 geckos 14 jackals 7 foxes 4 kobolds 5 goblins 4 sewer rats 13 grid bugs 2 bats 16 lichens 28 kobold zombies 6 newts 3125 creatures vanquished. Genocided or extinct species: mind flayers master mind flayers master liches arch-liches disenchanters soldiers (extinct) erinyes (extinct) 5 species genocided. 7 species extinct. Voluntary challenges: You used a wielded weapon 6827 times. You read items or engraved 94 times. You put on armor 144 times. You genocided 5 types of monsters. You polymorphed 7 items. You never changed form. You used 1 wish. You used 1 wish for magical items. You did not wish for any artifacts. You never wrote Elbereth's name. You never encountered a bones level. You used 1 Sokoban shortcut. Dungeon overview: The Dungeons of Doom: levels 1 to 25 Level 1 stairs to The Elemental Planes Level 2 a general store, a fountain Level 3 a fountain stairs to The Gnomish Mines Level 4 a tool shop, an altar to The Lady Level 5 a sink Level 6 a fountain, a sink Level 7 many fountains Level 8 a fountain stairs to Sokoban Level 9 an altar to The Lady, some fountains Level 10 some fountains, many trees stairs to Town Level 11 some fountains Level 12 a fountain Level 13 a fountain Level 14 many fountains, many trees portal to The Quest Level 17 a fountain Level 18 some fountains Level 19 some fountains, many trees Level 21 a fountain portal to One-eyed Sam's Market Level 25 a magic chest, a fountain Gehennom: levels 26 to 53 Level 26 a temple, a magic chest stairs to The Dungeons of Doom Level 31 a fountain Level 32 many fountains Level 34 stairs to Vlad's Tower Level 35 a lighting shop, some altars, a magic chest, a fountain Level 39 (WT top) Level 41 (CONTINUE HERE) portal to Gehennom Level 45 many trees Level 47 a magic chest Level 49 portal to Gehennom Level 52 (VS LEVEL) Level 53 a temple The Gnomish Mines: levels 4 to 12 Level 4 stairs to The Dungeons of Doom Level 6 many shops, a temple to The Lady, a magic chest, a fountain The Quest: levels 1 to 5 Level 1 a magic chest portal to The Dungeons of Doom Level 3 some shops Level 5 some shops Sokoban: levels 5 to 7 Level 7 stairs to The Dungeons of Doom Town: levels 7 to 9 Level 7 many shops, some fountains, a sink Level 8 many fountains, many trees Level 9 stairs to The Dungeons of Doom One-eyed Sam's Market: Level 1 portal to The Dungeons of Doom Vlad's Tower: levels 30 to 33 Level 33 many trees stairs to Gehennom The Elemental Planes: Astral Plane <- You were here a temple to The Lady Plane of Air portal to The Elemental Planes Plane of Water portal to The Elemental Planes Plane of Earth portal to The Elemental Planes Plane of Fire portal to The Elemental Planes History has recorded: On T:1 you entered the Dungeons of Doom to retrieve the Amulet of Yendor! On T:303 you reached level 2 of The Dungeons of Doom. On T:1021 you reached level 3 of The Dungeons of Doom. On T:1027 you advanced to experience level 2. On T:1123 you advanced to experience level 3. On T:1558 you reached level 1 of The Gnomish Mines. On T:1586 you advanced to experience level 4. On T:1615 you advanced to experience level 5. On T:2013 you advanced to experience level 6. On T:2190 you reached level 2 of The Gnomish Mines. On T:2220 you reached level 3 of The Gnomish Mines. On T:2655 you reached level 4 of The Gnomish Mines. On T:2712 you advanced to experience level 7. On T:3349 you advanced to experience level 8. On T:3670 you received Vorpal Blade from The Lady. On T:4125 you reached level 4 of The Dungeons of Doom. On T:4450 you reached level 5 of The Dungeons of Doom. On T:4699 you reached level 6 of The Dungeons of Doom. On T:5129 you reached level 7 of The Dungeons of Doom. On T:5266 you advanced to experience level 9. On T:5552 you reached level 8 of The Dungeons of Doom. On T:5569 you reached level 3 of Sokoban. On T:5857 you reached level 2 of Sokoban. On T:6278 you reached level 1 of Sokoban. On T:9889 you advanced to experience level 10. On T:11557 you reached level 5 of The Gnomish Mines. On T:12117 you reached level 6 of The Gnomish Mines. On T:12477 you reached level 7 of The Gnomish Mines. On T:12740 you advanced to experience level 11. On T:12944 you reached level 8 of The Gnomish Mines. On T:13836 you reached level 9 of The Gnomish Mines. On T:15991 you reached level 9 of The Dungeons of Doom. On T:16731 you reached level 10 of The Dungeons of Doom. On T:17062 you reached level 3 of Town. On T:17149 you reached level 11 of The Dungeons of Doom. On T:17413 you reached level 12 of The Dungeons of Doom. On T:17698 you reached level 13 of The Dungeons of Doom. On T:18081 you reached level 14 of The Dungeons of Doom. On T:18217 you advanced to experience level 12. On T:18644 you reached level 15 of The Dungeons of Doom. On T:19015 you reached level 16 of The Dungeons of Doom. On T:19187 you reached level 17 of The Dungeons of Doom. On T:19994 you reached level 18 of The Dungeons of Doom. On T:20229 you reached level 19 of The Dungeons of Doom. On T:20497 you reached level 20 of The Dungeons of Doom. On T:20879 you reached level 21 of The Dungeons of Doom. On T:21081 you reached level 1 of One-eyed Sam's Market. On T:21179 you reached level 22 of The Dungeons of Doom. On T:21624 you reached level 23 of The Dungeons of Doom. On T:23464 you reached level 24 of The Dungeons of Doom. On T:23530 you reached The Castle. On T:23870 you killed Medusa on level 23 of The Dungeons of Doom. On T:24080 you reached The Valley of the Dead. On T:24144 you advanced to experience level 13. On T:25464 you advanced to experience level 14. On T:26568 you reached level 2 of Town. On T:26659 you killed Aphrodite on level 2 of Town. On T:26775 you reached level 1 of Town. On T:29188 you reached level 1 of The Quest. On T:29667 you embarked upon an epic quest. On T:29680 you reached level 2 of The Quest. On T:30068 you reached level 3 of The Quest. On T:31349 you reached level 4 of The Quest. On T:32482 you killed Master of Thieves on level 5 of The Quest. On T:32803 you completed the quest! On T:33752 you were saved from death by your amulet of life saving! On T:34742 you reached level 2 of Gehennom. On T:34998 you reached level 3 of Gehennom. On T:35133 you killed Juiblex on level 3 of Gehennom. On T:35136 you advanced to experience level 15. On T:35344 you reached level 4 of Gehennom. On T:35774 you reached level 5 of Gehennom. On T:36079 you reached level 6 of Gehennom. On T:36260 you reached level 7 of Gehennom. On T:36713 you killed Yeenoghu on level 7 of Gehennom. On T:37240 you reached level 8 of Gehennom. On T:37246 you killed Asmodeus on level 8 of Gehennom. On T:37560 you reached level 9 of Gehennom. On T:37566 you killed Baalzebub on level 9 of Gehennom. On T:37794 you reached level 4 of Vlad's Tower. On T:38190 you reached level 3 of Vlad's Tower. On T:38308 you reached level 2 of Vlad's Tower. On T:38486 you reached level 1 of Vlad's Tower. On T:38591 you killed Vlad the Impaler on level 1 of Vlad's Tower. On T:39060 you reached level 10 of Gehennom. On T:39275 you advanced to experience level 16. On T:39775 you reached level 11 of Gehennom. On T:39778 you killed Orcus on level 11 of Gehennom. On T:39786 you genocided all arch-liches On T:40488 you reached level 12 of Gehennom. On T:40995 you reached level 13 of Gehennom. On T:41406 you reached level 14 of Gehennom. On T:41808 you reached level 15 of Gehennom. On T:42363 you reached level 16 of Gehennom. On T:42647 you wished for "2 blessed scrolls of genocide". On T:42653 you genocided all master liches On T:42665 you genocided all master mind flayers On T:42671 you genocided all mind flayers On T:42675 you genocided all disenchanters On T:43118 you reached level 17 of Gehennom. On T:43132 you killed Dispater on level 17 of Gehennom. On T:43317 you advanced to experience level 17. On T:43634 you reached level 18 of Gehennom. On T:43936 you reached level 19 of Gehennom. On T:44304 you reached level 20 of Gehennom. On T:44484 you reached level 21 of Gehennom. On T:44876 you reached level 22 of Gehennom. On T:45424 you reached level 23 of Gehennom. On T:45602 you advanced to experience level 18. On T:45626 you reached level 24 of Gehennom. On T:45841 you advanced to experience level 19. On T:45943 you reached level 25 of Gehennom. On T:46314 you reached level 26 of Gehennom. On T:46731 you reached level 27 of Gehennom. On T:47726 you received a fireproof elven dagger of fire from The Lady. On T:47788 you received a fireproof elven dagger of frost from The Lady. On T:47879 you received Magicbane from The Lady. On T:48206 you advanced to experience level 20. On T:48207 you advanced to experience level 21. On T:48453 you killed Wizard of Yendor on level 14 of Gehennom. On T:48463 you killed Geryon on level 14 of Gehennom. On T:48496 you performed the invocation. On T:48497 you reached level 28 of Gehennom. On T:48750 you killed Cthulhu on level 28 of Gehennom. On T:48752 you gained the Amulet of Yendor! On T:48754 you killed Cthulhu on level 28 of Gehennom. On T:48802 you killed Cthulhu on level 28 of Gehennom. On T:50414 you killed Wizard of Yendor on level 5 of Gehennom. On T:51981 you reached the Plane of Fire. On T:51982 you killed Wizard of Yendor on the Plane of Fire. On T:52032 you reached the Astral Plane. On T:52378 you reached the Plane of Water. On T:52435 you reached the Plane of Air. On T:52488 you killed Wizard of Yendor on the Plane of Air. On T:52595 you reached the Astral Plane. On T:52612 you killed Death on the Astral Plane. On T:52637 you lost the Amulet of Yendor. On T:52637 you offered the Amulet of Yendor to The Lady and ascended to the status of Demigod! Latest messages: Eve the Rover picks up a robe. You feel less confused now. Pick an object. Never mind. The priestess of Blind Io swings her mace at the priestess of Blind Io. The priestess of Blind Io hits the priestess of Blind Io. (2x) The priestess of Blind Io swings her mace at the priestess of Blind Io. The priestess of Blind Io hits the priestess of Blind Io. (2x) The priestess of Offler casts a spell! You take off a blessed ring of conflict (on left hand). You notice a black glow surrounding you. You feel a malignant aura surround you. Your wand of digging glows with a black aura. You wear a blessed +5 ring of increase damage (on left hand). The Angel of Offler zaps a wand of lightning! The bolt of lightning hits the high priest of The Lady. The Angel of Offler casts aspersions on your ancestry. You offer the Amulet of Yendor to The Lady... An invisible choir sings, and you are bathed in radiance... The voice of The Lady booms: "Congratulations, mortal!" "In return for thy service, I grant thee the gift of Immortality!" You ascend to the status of Demigod... Final status: Aloha Mandevil the Demigod... You went to your reward with 274994 points, The Candelabrum of Invocation (worth 5000 zorkmids and 12500 points) The Book of the Dead (worth 10000 zorkmids and 25000 points) The Platinum Yendorian Express Card (worth 7000 zorkmids and 17500 points) The Bell of Opening (worth 5000 zorkmids and 12500 points) Magicbane (worth 3500 zorkmids and 8750 points) 1 amethyst stone (worth 600 zorkmids), and 616 pieces of gold, after 52637 moves. You were level 21 with a maximum of 176 hit points when you ascended.